| TOP OF THE 1ST |
|
Seattle (APP) Mariners batting - Pitching for Pulaski Yankees : LHP Sergio Huerta
|
|
Pitching: LHP Sergio Huerta
|
|
|
Batting: RHB Nick Edmunds
|
0-0: Ball 1-0: Ball 2-0: Ball 3-0: Called Strike 3-1: Foul Ball, location: 2F 3-2: Foul Ball, location: 2F 3-2: Foul Ball, location: 2F 3-2: SINGLE (Groundball, 34D, EV 108.1 MPH)
|
|
Batting: RHB John Vasquez
|
0-0: Foul Ball, location: 2F 0-1: Ball 1-1: Ball 2-1: Called Strike 2-2: Strikes out swinging
|
|
Batting: SHB Carlos Luna
|
0-0: Ball 1-0: Grounds into double play, 4-6-3 (Groundball, 34, EV 83.8 MPH)
|
| Top of the 1st over - 0 runs, 1 hit, 0 errors, 0 left on base; Seattle (APP) 0 - Pulaski 0 |
| BOTTOM OF THE 1ST |
|
Pulaski Yankees batting - Pitching for Seattle (APP) Mariners : RHP Jamie Riley
|
|
Pitching: RHP Jamie Riley
|
|
|
Batting: LHB Carlos Palau
|
0-0: SINGLE (Groundball, 34D, EV 105.0 MPH)
|
|
Batting: LHB Justin Short
|
0-0: Called Strike 0-1: Ball 1-1: Foul Ball, location: 2F 1-2: Foul Ball, location: 2F 1-2: Strikes out swinging
|
|
Batting: RHB Yasuoka Tsuda
|
0-0: Ball Carlos Palau is caught stealing 2nd base 2-4 1-0: Foul Ball, location: 2F 1-1: Ball 2-1: Fly out, F8 (Flyball, 8LM, EV 78.1 MPH)
|
| Bottom of the 1st over - 0 runs, 1 hit, 0 errors, 0 left on base; Seattle (APP) 0 - Pulaski 0 |
| TOP OF THE 2ND |
|
Seattle (APP) Mariners batting - Pitching for Pulaski Yankees : LHP Sergio Huerta
|
|
Batting: RHB Chris Van Niel
|
0-0: Foul Ball, location: 2F 0-1: Ball 1-1: Ball 2-1: Foul Ball, location: 2F 2-2: Ball 3-2: Ground out 3-1 (Groundball, 34S, EV 85.0 MPH)
|
|
Batting: RHB Carlton McDonald
|
0-0: Called Strike 0-1: Foul Ball, location: 2F 0-2: Strikes out swinging
|
|
Batting: LHB Chang Huie
|
0-0: Ball 1-0: Foul Ball, location: 2F 1-1: Called Strike 1-2: DOUBLE (Flyball, 8LD, EV 96.9 MPH)
|
|
Batting: RHB Joaquin Salazar
|
0-0: Swinging Strike 0-1: Ball 1-1: Foul Ball, location: 2F 1-2: Strikes out swinging
|
| Top of the 2nd over - 0 runs, 1 hit, 0 errors, 1 left on base; Seattle (APP) 0 - Pulaski 0 |
| BOTTOM OF THE 2ND |
|
Pulaski Yankees batting - Pitching for Seattle (APP) Mariners : RHP Jamie Riley
|
|
Batting: RHB Ken Stair
|
0-0: Ball 1-0: Ball 2-0: Foul Ball, location: 2F 2-1: Fly out, F8 (Flyball, 78M, EV 80.6 MPH)
|
|
Batting: RHB Michael Patterson
|
0-0: Ball 1-0: Foul Ball, location: 2F 1-1: Ball 2-1: Swinging Strike 2-2: Strikes out swinging
|
|
Batting: SHB Dylan Best
|
0-0: Called Strike 0-1: Ball 1-1: Ground out 4-3 (Groundball, 4MD, EV 102.5 MPH)
|
| Bottom of the 2nd over - 0 runs, 0 hits, 0 errors, 0 left on base; Seattle (APP) 0 - Pulaski 0 |
| TOP OF THE 3RD |
|
Seattle (APP) Mariners batting - Pitching for Pulaski Yankees : LHP Sergio Huerta
|
|
Batting: RHB Ziven Badersky
|
0-0: Ground out U3 (Groundball, 13, EV 93.1 MPH)
|
|
Batting: RHB Josh Carpenter
|
0-0: Ball 1-0: Swinging Strike 1-1: Foul Ball, location: 2F 1-2: Strikes out looking
|
|
Batting: RHB Nick Edmunds
|
0-0: Ball 1-0: Called Strike 1-1: Foul Ball, location: 2F 1-2: Foul Ball, location: 2F 1-2: Foul Ball, location: 2F 1-2: Fly out, F9 (Flyball, 89M, EV 96.2 MPH)
|
| Top of the 3rd over - 0 runs, 0 hits, 0 errors, 0 left on base; Seattle (APP) 0 - Pulaski 0 |
| BOTTOM OF THE 3RD |
|
Pulaski Yankees batting - Pitching for Seattle (APP) Mariners : RHP Jamie Riley
|
|
Batting: RHB Paul Ngumi
|
0-0: Foul Ball, location: 2F 0-1: Ball 1-1: Ground out U3 (Groundball, 34S, EV 83.1 MPH)
|
|
Batting: LHB Troy Jones
|
0-0: Ball 1-0: Called Strike 1-1: Foul Ball, location: 2F 1-2: Ball 2-2: Ground out 4-3 (Groundball, 4, EV 76.9 MPH)
|
|
Batting: RHB Mustafa bin Gamali
|
0-0: Foul Ball, location: 2F 0-1: Foul Ball, location: 2F 0-2: Foul Ball, location: 2F 0-2: Strikes out looking
|
| Bottom of the 3rd over - 0 runs, 0 hits, 0 errors, 0 left on base; Seattle (APP) 0 - Pulaski 0 |
| TOP OF THE 4TH |
|
Seattle (APP) Mariners batting - Pitching for Pulaski Yankees : LHP Sergio Huerta
|
|
Batting: RHB John Vasquez
|
0-0: Foul Ball, location: 2F 0-1: Called Strike 0-2: Strikes out swinging
|
|
Batting: SHB Carlos Luna
|
0-0: Foul Ball, location: 2F 0-1: Foul Ball, location: 2F 0-2: Ball 1-2: Foul Ball, location: 2F 1-2: Ball 2-2: Ball 3-2: Base on Balls
|
|
Batting: RHB Chris Van Niel
|
0-0: Called Strike 0-1: Ball 1-1: Fielders Choice at 2nd, 6-4 (Groundball, 6, EV 83.1 MPH)
|
|
Batting: RHB Carlton McDonald
|
0-0: Called Strike 0-1: Foul Ball, location: 2F 0-2: Strikes out swinging
|
| Top of the 4th over - 0 runs, 0 hits, 0 errors, 1 left on base; Seattle (APP) 0 - Pulaski 0 |
| BOTTOM OF THE 4TH |
|
Pulaski Yankees batting - Pitching for Seattle (APP) Mariners : RHP Jamie Riley
|
|
Batting: LHB Carlos Palau
|
0-0: Foul Ball, location: 2F 0-1: Ball 1-1: SINGLE (Groundball, 34S, EV 65.6 MPH) (infield hit)
|
|
Batting: LHB Justin Short
|
0-0: Foul Ball, location: 2F 0-1: Ball 1-1: Ball 2-1: SINGLE (Groundball, 4MD, EV 103.1 MPH) Carlos Palau to second
|
|
Batting: RHB Yasuoka Tsuda
|
0-0: Called Strike 0-1: Swinging Strike 0-2: Strikes out swinging
|
|
Batting: RHB Ken Stair
|
0-0: Foul Ball, location: 2F 0-1: DOUBLE (Line Drive, 78M, EV 94.4 MPH) Carlos Palau scores Justin Short to third Runner from 3rd tries for Home, throw by CF and OUT! 8-6-2
|
|
Pinch Runner at 2nd Victor Garcia:
|
|
|
Batting: RHB Michael Patterson
|
0-0: Foul Ball, location: 2F 0-1: Ball 1-1: Ball 2-1: Ball 3-1: Swinging Strike 3-2: Base on Balls
|
|
Batting: SHB Dylan Best
|
0-0: Ball 1-0: Called Strike 1-1: Ball 2-1: Called Strike 2-2: Fly out, F7 (Flyball, 7, EV 88.1 MPH)
|
| Bottom of the 4th over - 1 run, 3 hits, 0 errors, 2 left on base; Seattle (APP) 0 - Pulaski 1 |
| TOP OF THE 5TH |
|
Seattle (APP) Mariners batting - Pitching for Pulaski Yankees : LHP Sergio Huerta
|
|
Batting: LHB Chang Huie
|
0-0: Called Strike 0-1: Ball 1-1: Foul Ball, location: 2F 1-2: Ball 2-2: Ball 3-2: SINGLE (Flyball, 3D, EV 90.0 MPH)
|
|
Batting: RHB Joaquin Salazar
|
0-0: Ball 1-0: Ground out 6-3 (Groundball, 4M, EV 106.9 MPH) Chang Huie to second
|
|
Batting: RHB Ziven Badersky
|
0-0: Called Strike 0-1: Ball 1-1: Ball 2-1: Foul Ball, location: 2F 2-2: Ball 3-2: Strikes out swinging
|
|
Batting: RHB Josh Carpenter
|
0-0: Ball 1-0: Called Strike 1-1: Swinging Strike 1-2: Fly out, F9 (Line Drive, 9, EV 88.8 MPH)
|
| Top of the 5th over - 0 runs, 1 hit, 0 errors, 1 left on base; Seattle (APP) 0 - Pulaski 1 |
| BOTTOM OF THE 5TH |
|
Pulaski Yankees batting - Pitching for Seattle (APP) Mariners : RHP Jamie Riley
|
|
Batting: RHB Paul Ngumi
|
0-0: Called Strike 0-1: Ball 1-1: Ball 2-1: Foul Ball, location: 2F 2-2: Foul Ball, location: 2F 2-2: Ground out 4-3 (Groundball, 4MS, EV 64.4 MPH)
|
|
Batting: LHB Troy Jones
|
0-0: Fly out, F8 (Flyball, 89D, EV 81.9 MPH)
|
|
Batting: RHB Mustafa bin Gamali
|
0-0: Foul Ball, location: 2F 0-1: Fly out, F6 (Popup, 6MS, EV 87.5 MPH)
|
| Bottom of the 5th over - 0 runs, 0 hits, 0 errors, 0 left on base; Seattle (APP) 0 - Pulaski 1 |
| TOP OF THE 6TH |
|
Seattle (APP) Mariners batting - Pitching for Pulaski Yankees : LHP Sergio Huerta
|
|
Pitching: RHP Jon Campbell
|
|
|
Batting: RHB Nick Edmunds
|
0-0: Ball 1-0: Called Strike 1-1: Foul Ball, location: 2F 1-2: Foul Ball, location: 2F 1-2: Strikes out swinging
|
|
Batting: RHB John Vasquez
|
0-0: Ground out 6-3 (Groundball, 56, EV 82.5 MPH)
|
|
Batting: SHB Carlos Luna
|
0-0: Called Strike 0-1: Fly out, F9 (Flyball, 9, EV 91.2 MPH)
|
| Top of the 6th over - 0 runs, 0 hits, 0 errors, 0 left on base; Seattle (APP) 0 - Pulaski 1 |
| BOTTOM OF THE 6TH |
|
Pulaski Yankees batting - Pitching for Seattle (APP) Mariners : RHP Jamie Riley
|
|
Batting: LHB Carlos Palau
|
0-0: Called Strike 0-1: Ball 1-1: SINGLE (Groundball, 4MD, EV 109.4 MPH)
|
|
Batting: LHB Justin Short
|
0-0: Ball 1-0: DOUBLE (Line Drive, 78D, EV 113.8 MPH) Carlos Palau to third
|
|
Batting: RHB Yasuoka Tsuda
|
0-0: Ball 1-0: Foul Ball, location: 2F 1-1: Ground out 5-3 (Groundball, 56S, EV 71.2 MPH)
|
|
Batting: RHB Victor Garcia
|
0-0: Called Strike 0-1: Fly out, F9 (Flyball, 89S, EV 82.5 MPH) Runner from 3rd tags up, OUT at HOME! 9-2
|
| Bottom of the 6th over - 0 runs, 2 hits, 0 errors, 1 left on base; Seattle (APP) 0 - Pulaski 1 |
| TOP OF THE 7TH |
|
Seattle (APP) Mariners batting - Pitching for Pulaski Yankees : RHP Jon Campbell
|
|
Batting: RHB Chris Van Niel
|
0-0: Ball 1-0: Ball 2-0: Ball 3-0: Ground out 4-3 (Groundball, 4, EV 88.1 MPH)
|
|
Batting: RHB Carlton McDonald
|
0-0: Called Strike 0-1: Foul Ball, location: 2F 0-2: Ball 1-2: Strikes out looking
|
|
Batting: LHB Chang Huie
|
0-0: Ball 1-0: Bunt missed! 1-1: Called Strike 1-2: Foul Ball, location: 2F 1-2: Ball 2-2: Ball 3-2: Ground out 3-1 (Groundball, 34, EV 91.9 MPH)
|
| Top of the 7th over - 0 runs, 0 hits, 0 errors, 0 left on base; Seattle (APP) 0 - Pulaski 1 |
| BOTTOM OF THE 7TH |
|
Pulaski Yankees batting - Pitching for Seattle (APP) Mariners : RHP Jamie Riley
|
|
Batting: RHB Michael Patterson
|
0-0: Called Strike 0-1: Swinging Strike 0-2: Ball 1-2: Fly out, F7 (Flyball, 7LS, EV 90.6 MPH)
|
|
Pitching: RHP Domingo Maldonado
|
|
|
Batting: SHB Dylan Best
|
0-0: Ground out 6-3 (Groundball, 6, EV 84.4 MPH)
|
|
Batting: RHB Paul Ngumi
|
0-0: Ball 1-0: Ball 2-0: Ball 3-0: Called Strike 3-1: Base on Balls
|
|
Batting: LHB Troy Jones
|
0-0: Fly out, F8 (Flyball, 8RXD, EV 103.8 MPH)
|
| Bottom of the 7th over - 0 runs, 0 hits, 0 errors, 1 left on base; Seattle (APP) 0 - Pulaski 1 |
| TOP OF THE 8TH |
|
Seattle (APP) Mariners batting - Pitching for Pulaski Yankees : RHP Jon Campbell
|
|
Now at 1B: Chris Viehman
|
|
|
Now at 2B: Edwin Sierra
|
|
|
Now at 3B: Dylan Best
|
|
|
Batting: RHB Joaquin Salazar
|
0-0: Ball 1-0: Called Strike 1-1: Foul Ball, location: 2F 1-2: Fly out, F8 (Flyball, 78M, EV 96.9 MPH)
|
|
Pinch Hitting: RHB Nick Ellis
|
0-0: Fly out, F8 (Flyball, 8LM, EV 86.9 MPH)
|
|
Batting: RHB Josh Carpenter
|
0-0: Called Strike 0-1: Ball 1-1: Swinging Strike 1-2: Ball 2-2: Foul Ball, location: 2F 2-2: Strikes out swinging
|
| Top of the 8th over - 0 runs, 0 hits, 0 errors, 0 left on base; Seattle (APP) 0 - Pulaski 1 |
| BOTTOM OF THE 8TH |
|
Pulaski Yankees batting - Pitching for Seattle (APP) Mariners : RHP Domingo Maldonado
|
|
Now at 2B: Chang Huie
|
|
|
Now at 3B: Nick Ellis
|
|
|
Batting: RHB Mustafa bin Gamali
|
0-0: Swinging Strike 0-1: Ball 1-1: Called Strike 1-2: Strikes out looking
|
|
Batting: LHB Carlos Palau
|
0-0: Called Strike 0-1: Fly out, F6 (Popup, P, EV 83.8 MPH)
|
|
Batting: LHB Justin Short
|
0-0: Ball 1-0: Called Strike 1-1: Ball 2-1: Foul Ball, location: 2F 2-2: Strikes out swinging
|
| Bottom of the 8th over - 0 runs, 0 hits, 0 errors, 0 left on base; Seattle (APP) 0 - Pulaski 1 |
| TOP OF THE 9TH |
|
Seattle (APP) Mariners batting - Pitching for Pulaski Yankees : RHP Jon Campbell
|
|
Pitching: RHP Matt Elliott
|
|
|
Batting: RHB Nick Edmunds
|
0-0: Ball 1-0: Foul Ball, location: 2F 1-1: Ball 2-1: Ball 3-1: Called Strike 3-2: Base on Balls
|
|
Batting: RHB John Vasquez
|
0-0: Sac Bunt to 25 - play at first, batter OUT! 5-3 Nick Edmunds to second
|
|
Batting: SHB Carlos Luna
|
0-0: Foul Ball, location: 2F 0-1: Ball 1-1: Swinging Strike 1-2: Ball 2-2: Ball 3-2: Foul Ball, location: 2F 3-2: Base on Balls
|
|
Batting: RHB Chris Van Niel
|
0-0: Ball 1-0: Ball 2-0: Foul Ball, location: 2F 2-1: Ball 3-1: Ground out 5-3 (Groundball, 56S, EV 70.0 MPH) Nick Edmunds to third Carlos Luna to second
|
|
Batting: LHB Prince Nunley
|
0-0: Foul Ball, location: 2F 0-1: Ball 1-1: Called Strike 1-2: Ball 2-2: Strikes out swinging, 2-3 out at first.
|
| Top of the 9th over - 0 runs, 0 hits, 0 errors, 2 left on base; Seattle (APP) 0 - Pulaski 1 |
|